 Dungeon Crawl Stone Soup version 0.30.0-29-ga12c61a403 (webtiles) character file.

Game seed: 9975149438835508212

89009 LustLizard the Geomancer (level 15, -5/92 HPs)
             Began as a Gargoyle Earth Elementalist on June 25, 2023.
             Was the Champion of Makhleb.
             Shot with an arrow by a centaur warrior (17 damage)
             ... on level 14 of the Dungeon.
             The game lasted 00:52:10 (28239 turns).

LustLizard the Geomancer (GrEE)                    Turns: 28239, Time: 00:52:11

Health: -5/92      AC: 27    Str: 24    XL:     15   Next: 95%
Magic:  31/36      EV: 11    Int: 21    God:    Makhleb [******]
Gold:   1742       SH:  0    Dex: 10    Spells: 16/31 levels left

rFire   + . .        H - staff of earth
rCold   + . .        (no shield)
rNeg    + . .        X - +2 scale mail of Vanity {rF- Will+ Str+7}
rPois   ∞            d - +0 helmet
rElec   +            L - +0 cloak
rCorr   .            I - +0 pair of gloves of Resilience {rF++ Str+3}
SInv    .            U - +2 pair of boots {Stlth+}
Will    ++...        N - amulet of the acrobat
Stlth   ++           D - ring of protection from cold
HPRegen 0.35/turn    n - ring of magical power
MPRegen 0.25/turn

%: acrobat
@: flying
A: sickness immunity, AC +11, big wings, negative energy resistance 1,
electricity resistance, torment resistance 1, petrification resistance
a: Renounce Religion, Minor Destruction, Lesser Servant of Makhleb, Major
Destruction, Greater Servant of Makhleb


You were on level 14 of the Dungeon.
You worshipped Makhleb.
Makhleb was exalted by your worship.
You visited 3 branches of the dungeon, and saw 21 of its levels.

You collected 2869 gold pieces.
You spent 1127 gold pieces at shops.

Inventory:

Missiles
 K - 3 throwing nets
Armour
 d - a +0 helmet (worn)
 I - the +0 pair of gloves of Resilience (worn) {rF++ Str+3}
   (You found it on level 8 of the Dungeon)

   Str:       It affects your strength (+3).
   rF:        It greatly protects you from fire.
 L - a +0 cloak (worn)
 U - a +2 pair of boots of stealth (worn)
 X - the +2 scale mail of Vanity (worn) {rF- Will+ Str+7}
   (You bought it in a shop on level 2 of the Dungeon)

   Str:       It affects your strength (+7).
   rF:        It makes you vulnerable to fire.
   Will:      It increases your willpower.
 Z - the -1 helmet of the Sparrow {rN+ Slay-3 Stlth+}
   (You found it on level 5 of the Lair of Beasts)

   Slay:      It affects your accuracy & damage with ranged weapons and melee
   (-3).
   rN:        It protects you from negative energy.
   Stlth:     It makes you more stealthy.
Magical Staves
 H - a staff of earth (weapon)
Jewellery
 a - a +6 ring of dexterity
 g - a ring of see invisible
 n - a ring of magical power (right hand)
 r - a +6 ring of intelligence
 D - a ring of protection from cold (left hand)
 N - an amulet of the acrobat (around neck)
 O - an amulet of regeneration
 Q - a ring of protection from fire
 W - a ring of ice
Wands
 p - a wand of flame (18)
 w - a wand of iceblast (7)
 z - a wand of polymorph (7)
 B - a wand of light (12)
 G - a wand of mindburst (7)
 V - a wand of paralysis (11)
Scrolls
 e - 6 scrolls of enchant weapon
 h - 7 scrolls of amnesia
 i - a scroll of poison
 k - 5 scrolls of fear
 q - 3 scrolls of enchant armour
 t - 7 scrolls of teleportation
 v - a scroll of butterflies
 y - a scroll of blinking
 A - 3 scrolls of immolation
 F - 4 scrolls of magic mapping {unknown}
 J - a scroll of brand weapon
 P - a scroll of fog
 Y - 3 scrolls of silence
Potions
 b - 2 potions of magic
 c - 15 potions of curing
 f - 3 potions of brilliance
 l - a potion of berserk rage
 m - 2 potions of haste
 o - 7 potions of heal wounds
 s - a potion of ambrosia
 x - 3 potions of lignification
 C - a potion of might
 E - 7 potions of mutation
 M - a potion of cancellation
 R - 2 potions of invisibility
 S - a potion of resistance
Miscellaneous
 u - a phial of floods
 T - a lightning rod (4/4)


   Skills:
 + Level 10.2 Fighting
 - Level 5.8 Armour
 - Level 5.6 Dodging
 - Level 4.0 Stealth
 + Level 8.9 Spellcasting
 * Level 13.0 Conjurations
 * Level 6.0 Summonings
 - Level 3.3 Transmutations
 - Level 13.2 Earth Magic
 * Level 12.2 Invocations
 - Level 5.2 Evocations


You had 16 spell levels left.
You knew the following spells:

 Your Spells              Type           Power      Damage    Failure   Level
a - Sandblast             Erth           100%       2d20      1%          1
b - Stone Arrow           Conj/Erth      100%       3d13      1%          3
c - Petrify               Tmut/Erth      60%        N/A       5%          4
d - Summon Hydra          Summ           17%        N/A       100%        7

Your spell library contained the following spells:

 Spells                   Type           Power      Damage    Failure   Level
 Passwall                 Tmut/Erth      50%        N/A       1%          2
 Call Canine Familiar     Summ           34%        N/A       4%          3
 Wereblood                Tmut           23%        N/A       6%          2
 Leda's Liquefaction      Hex/Erth       27%        N/A       11%         4
 Summon Guardian Golem    Hex/Summ       21%        N/A       14%         3
 Lesser Beckoning         Tloc           18%        N/A       26%         2
 Summon Ice Beast         Ice/Summ       21%        N/A       43%         4
 Frozen Ramparts          Ice            18%        1d3       45%         3
 Gell's Gravitas          Tloc           9%         N/A       45%         3
 Portal Projectile        Hex/Tloc       18%        N/A       45%         3
 Teleport Other           Tloc           9%         N/A       45%         3
 Orb of Destruction       Conj           29%        9d9       54%         7
 Ice Form                 Ice/Tmut       16%        N/A       63%         4
 Spellforged Servitor     Conj/Summ      24%        N/A       95%         7
 Sublimation of Blood     Necr           Unusable   N/A       N/A         2

Dungeon Overview and Level Annotations

Branches:
Dungeon (14/15)            Temple (0/1) D:6            Lair (5/5) D:8
  Swamp (0/4) Lair:2       Spider (0/4) Lair:2        Slime (0/5) Lair:4
    Orc (2/2) D:11            Elf (0/3) Orc:2        Vaults (0/5) D:13

Altars:
Hepliaklqana
Makhleb
Okawaru
Vehumet
Wu Jian
Jiyva

Shops:
D:2 [   D:10 ?   Orc:2 *!?((

Annotations:
D:10 3 runed translucent doors
Lair:3 3 runed translucent doors, suzumiya's ghost, journeyman MiGl


Innate Abilities, Weirdness & Mutations

You are immune to sickness and miasma.
Your stone body is resilient. (AC +11)
You are immune to poison.
Your large and strong wings let you fly.
You resist negative energy. (rN+)
You are resistant to electric shocks. (rElec)
You are resistant to unholy torment.
You are immune to petrification.


Message History

Aiming: Sandblast (safe; 1% risk of failure)
Press: ? - help, Q - select action, (/) - cycle Shift-Dir - straight line, f - centaur
Aim: a centaur, wielding a +0 shortbow (91% to hit)
You feel a surge of power!
The blast of sand misses the centaur.
The centaur warrior shoots an arrow.
The arrow completely misses you.
The centaur shoots an arrow.
The arrow hits you but does no damage.
The centaur shoots an arrow.
The arrow hits you!
The centaur warrior shoots an arrow.
The arrow barely misses you.
The centaur shoots an arrow.
The arrow barely misses you.
The centaur shoots an arrow.
The arrow hits you but does no damage.
The centaur warrior shoots an arrow.
The arrow hits you!!
The centaur shoots an arrow.
The arrow closely misses you.
Aiming: Sandblast (safe; 1% risk of failure)
Press: ? - help, Q - select action, (/) - cycle Shift-Dir - straight line, f/p - centaur
Aim: a centaur, wielding a +0 shortbow (91% to hit)
You feel a surge of power!
The blast of sand hits the centaur!!
You kill the centaur!
Makhleb accepts your kill.
You feel better.
Your Summonings skill increases to level 6!
Aiming: Sandblast (safe; 1% risk of failure)
Press: ? - help, Q - select action, (/) - cycle Shift-Dir - straight line, f - centaur warrior
Aim: a centaur warrior, wielding a +0 longbow (89% to hit)
You feel a surge of power!
The blast of sand misses the centaur warrior.
The centaur warrior shoots an arrow.
The arrow hits you!!
The centaur shoots an arrow.
The arrow hits you.
* * * LOW HITPOINT WARNING * * *
The centaur warrior shoots an arrow.
The arrow hits you!
* * * LOW HITPOINT WARNING * * *
The centaur shoots an arrow.
The arrow hits you but does no damage.
Aiming: Sandblast (safe; 1% risk of failure)
Press: ? - help, Q - select action, (/) - cycle Shift-Dir - straight line, f/p - centaur warrior
Aim: a centaur warrior, wielding a +0 longbow (89% to hit)
You feel a surge of power!
The blast of sand hits the centaur warrior!!
The centaur warrior is heavily wounded.
The centaur shoots an arrow.
The arrow closely misses you.
The centaur warrior shoots an arrow.
The arrow hits you!
You die...

.###########
.$.........#
....c......#
...........#
...))c.@...#
...).......#
...........#
...........#
...........#
#########.##
.# ##


You could see a centaur warrior and a centaur.

Vanquished Creatures
  A fire dragon (Lair:2)
  Fannar (D:12)
  Harold (D:10)
  A vault guard (D:13)
  2 hydras
  2 centaur warriors (D:13)
  A merfolk avatar (Lair:5)
  3 boulder beetles
  A death knight (D:13)
  4 skysharks
  3 skeletal warriors (D:12)
  A fire crab (Lair:4)
  Lodul (D:10)
  An orange crystal statue (D:10)
  2 sea snakes (Lair:5)
  2 harpies (Lair:5)
  7 orc sorcerers
  A deep elf pyromancer (D:13)
  7 cyclopes
  2 ugly things (D:13)
  13 elephants
  2 black mambas
  14 cane toads
  A gargoyle (D:11)
  7 komodo dragons
  2 rime drakes (Lair:5)
  4 meliai
  3 hornets
  5 polar bears
  4 trolls
  Grinder (D:5)
  16 blink frogs
  A snapping turtle (Lair:4)
  6 wyverns
  14 slime creatures
  2 vampires (D:10)
  3 wraiths
  34 yaks
  A basilisk (Lair:2)
  A human (D:11)
  2 redbacks (Lair:2)
  3 steam dragons
  10 wargs
  An acid dragon (D:8)
  11 water moccasins
  An ice beast (shapeshifter) (D:13)
  9 orc warriors
  A black bear (D:7)
  13 ogres
  9 wolves (Lair:1)
  6 centaurs
  A phantom (D:4)
  A kobold brigand (D:8)
  10 bullfrogs
  2 gnoll sergeants
  6 scorpions
  11 wights
  4 killer bees
  6 howler monkeys
  2 electric eels (Lair:2)
  4 jellies
  17 orc priests
  A hound (D:4)
  2 iguanas (D:5)
  47 orc wizards
  17 gnolls
  12 adders
  2 shadow imps (D:6)
  2 white imps
  3 ufetubi
  A worm (D:5)
  5 dart slugs
  89 orcs
  6 endoplasms
  3 giant cockroaches
  9 goblins
  5 hobgoblins
  6 jackals
  14 kobolds
  4 quokkas
  7 ball pythons
  3 bats
  2 frilled lizards
  5 rats
553 creatures vanquished.

Vanquished Creatures (others)
  A vampire (D:14)
  3 orc wizards
4 creatures vanquished.

Grand Total: 557 creatures vanquished

Notes
Turn   | Place    | Note
-------+----------+-------------------------------------------
     0 | D:1      | LustLizard the Gargoyle Earth Elementalist began the quest
                  | for the Orb.
     0 | D:1      | Reached XP level 1. HP: 10/10 MP: 3/3
   311 | D:1      | Reached XP level 2. HP: 16/16 MP: 3/5
   645 | D:1      | Reached skill level 1 in Fighting
   645 | D:1      | Reached XP level 3. HP: 18/20 MP: 3/6
  1158 | D:2      | Found Nagguwn's Antique Armour Emporium.
  1166 | D:2      | Learned a level 3 spell: Stone Arrow
  1622 | D:2      | Reached XP level 4. HP: 25/25 MP: 7/7
  1625 | D:2      | Reached skill level 1 in Conjurations
  1995 | D:3      | Reached XP level 5. HP: 30/30 MP: 8/8
  2144 | D:3      | Reached skill level 5 in Earth Magic
  2579 | D:4      | Noticed a phantom
  2689 | D:4      | Reached XP level 6. HP: 20/35 MP: 10/10
  3033 | D:4      | Reached XP level 7. HP: 15/40 MP: 4/11
  3590 | D:4      | Reached XP level 8. HP: 48/48 MP: 13/13
  3789 | D:5      | Entered Level 5 of the Dungeon
  3899 | D:5      | Reached skill level 5 in Conjurations
  4279 | D:5      | Noticed Grinder
  4426 | D:5      | Found an ornate altar of the Wu Jian Council.
  4432 | D:5      | Found a burning altar of Makhleb.
  4435 | D:5      | Found a radiant altar of Vehumet.
  4443 | D:5      | Became a worshipper of Makhleb the Destroyer
  5551 | D:6      | Reached XP level 9. HP: 52/52 MP: 15/15
  5721 | D:6      | Found a staircase to the Ecumenical Temple.
  5779 | D:6      | Reached skill level 1 in Invocations
  6074 | D:5      | Killed Grinder
  6075 | D:5      | Reached skill level 5 in Fighting
  6297 | D:7      | Found a hazy altar of Hepliaklqana.
  6315 | D:7      | Noticed a troll
  6442 | D:7      | Reached * piety under Makhleb
  6838 | D:7      | Killed a troll
  6839 | D:7      | Reached skill level 5 in Spellcasting
  6927 | D:7      | Found an iron altar of Okawaru.
  7088 | D:8      | Reached XP level 10. HP: 51/60 MP: 17/17
  7090 | D:8      | Reached skill level 10 in Earth Magic
  7608 | D:8      | Reached ** piety under Makhleb
  7910 | D:8      | Identified the +0 pair of gloves of Resilience {rF++ Str+3}
  7995 | D:8      | Found a staircase to the Lair.
  8573 | D:9      | Reached skill level 1 in Armour
  8629 | D:9      | Reached skill level 1 in Evocations
  9189 | D:10     | Entered Level 10 of the Dungeon
  9197 | D:9      | Reached XP level 11. HP: 66/66 MP: 16/19
  9274 | D:10     | Reached skill level 5 in Invocations
  9376 | D:10     | Noticed a boulder beetle
  9545 | D:10     | Killed a boulder beetle
  9681 | D:10     | Found Nedac's Magic Scroll Boutique.
  9691 | D:10     | Bought a scroll of fear for 56 gold pieces
  9691 | D:10     | Bought a scroll of teleportation for 42 gold pieces
  9848 | D:10     | Found a runed translucent door.
  9863 | D:10     | Found a runed translucent door.
 10393 | D:10     | Noticed Lodul
 10499 | D:10     | Noticed Harold
 10510 | D:10     | Killed Harold
 10586 | D:10     | Killed Lodul
 10587 | D:10     | Reached *** piety under Makhleb
 10770 | D:10     | Found a runed translucent door.
 10793 | D:10     | Found a runed translucent door.
 11153 | D:10     | Noticed an orange crystal statue
 11606 | D:11     | Found a staircase to the Orcish Mines.
 11794 | D:11     | Noticed a cyclops
 11797 | D:11     | Killed a cyclops
 12080 | D:11     | You fall into a shaft and drop 1 floor!
 12638 | D:12     | Reached XP level 12. HP: 72/72 MP: 20/21
 12766 | D:12     | Identified the +6 war axe of Spite {flame, *Corrode rPois
                  | Int+3 SInv}
 13058 | D:12     | Noticed Fannar
 13103 | Orc:1    | Entered Level 1 of the Orcish Mines
 13617 | Orc:2    | Entered Level 2 of the Orcish Mines
 13640 | Orc:2    | Reached **** piety under Makhleb
 13803 | Orc:2    | Found a staircase to the Elven Halls.
 14516 | Orc:2    | Noticed a soul eater
 14788 | Orc:2    | Reached skill level 5 in Dodging
 14788 | Orc:2    | Reached skill level 10 in Conjurations
 14806 | Orc:2    | Found Copp's Weapon Boutique.
 14806 | Orc:2    | Found Osetasox's Weapon Emporium.
 14829 | Orc:2    | Reached ***** piety under Makhleb
 15207 | Orc:2    | Found Buloleceps's Magic Scroll Emporium.
 15210 | Orc:2    | Bought a scroll of noise for 15 gold pieces
 15253 | Orc:2    | Found Nub Okki's Assorted Antiques.
 15253 | Orc:2    | Found Otruhop's Distillery.
 15259 | Orc:2    | Bought a scroll labelled RITZAS ORHABI for 26 gold pieces
 15268 | Orc:2    | Bought a potion of brilliance for 56 gold pieces
 15348 | Orc:2    | Reached skill level 5 in Armour
 15682 | Lair:1   | Entered Level 1 of the Lair of Beasts
 16885 | Lair:2   | Found a hole to the Spider Nest.
 16911 | Lair:2   | Reached XP level 13. HP: 79/79 MP: 23/23
 17521 | Lair:2   | Noticed a fire dragon
 17538 | Lair:2   | Killed a fire dragon
 17872 | Lair:2   | Found a staircase to the Swamp.
 18785 | Lair:2   | Reached skill level 5 in Evocations
 18979 | Lair:3   | Learned a level 4 spell: Petrify
 19194 | Lair:3   | Reached skill level 1 in Transmutations
 19840 | Lair:3   | Found a runed translucent gate.
 19840 | Lair:3   | Found a runed translucent gate.
 19840 | Lair:3   | Found a runed translucent gate.
 19846 | Lair:3   | Noticed suzumiya's ghost (journeyman MiGl)
 19861 | Lair:3   | Reached skill level 10 in Invocations
 20506 | D:2      | Bought a pair of runed boots for 187 gold pieces
 20506 | D:2      | Bought a bloodstained leather armour for 175 gold pieces
 20506 | D:2      | Identified the +0 leather armour "Jigut" {Str+3} (You
                  | bought it in a shop on level 2 of the Dungeon)
 20506 | D:2      | Bought a jewelled scale mail for 225 gold pieces
 20506 | D:2      | Identified the +2 scale mail of Vanity {rF- Will+ Str+7}
                  | (You bought it in a shop on level 2 of the Dungeon)
 20749 | Orc:2    | Bought 3 scrolls of identify for 156 gold pieces
 20845 | D:12     | Killed Fannar
 22537 | D:13     | Reached ****** piety under Makhleb
 22676 | D:13     | Gained mutation: Your large and strong wings let you fly.
                  | [Gargoyle growth]
 22676 | D:13     | Reached XP level 14. HP: 37/86 MP: 1/26
 23222 | D:13     | Learned a level 7 spell: Summon Hydra
 23574 | D:13     | Reached skill level 1 in Summonings
 23759 | D:13     | Found a gate to the Vaults.
 24485 | D:10     | Bought a scroll of fear for 56 gold pieces
 24485 | D:10     | Bought a scroll of enchant armour for 105 gold pieces
 24485 | D:10     | Bought a scroll of identify for 28 gold pieces
 24855 | Lair:4   | Found a viscous altar of Jiyva.
 24856 | Lair:4   | Found a staircase to the Slime Pits.
 25553 | Lair:4   | You are sucked into a shaft and drop 1 floor!
 25553 | Lair:5   | Entered Level 5 of the Lair of Beasts
 26607 | Lair:5   | Reached skill level 10 in Fighting
 27469 | Lair:5   | Reached skill level 5 in Summonings
 27469 | Lair:5   | Reached XP level 15. HP: 92/92 MP: 27/27
 27701 | Lair:5   | Identified the -1 helmet of the Sparrow {rN+ Slay-3 Stlth+}
 28239 | D:14     | Shot with an arrow by a centaur warrior

Illustrated notes

Levels and vault maps discovered:
D:1:      dpeg_arrival_triangle_fractal, layout_basic
D:2:      cheibrodos_helix_gallery, layout_loops_ring, serial_shops, shop,
          st_stairs_3, minmay_pentomino_v4
D:3:      layout_rooms, chequers_garden, chequers_serial_rivers_micro_a
D:4:      layout_loops_ring, nzn_random_ring
D:5:      layout_basic, minitemple, uniq_grinder
D:6:      layout_cave_pools, minmay_temple_entry_waves
D:7:      layout_rooms, mainiacjoe_overflow_alcove_1,
          nicolae_hepliaklqana_hazy_memory
D:8:      layout_loops_ring, lair_entry_dummy
D:9:      layout_gridville
D:10:     layout_basic, serial_shops, nicolae_stop_n_shop_2, st_stairs_4,
          minmay_statue_crystal_thing, uniq_harold, uniq_lodul
D:11:     layout_stronghold, erik_orc_4, grunt_ministairs_12, patterned_corridor
D:12:     layout_layer_cave, uniq_fannar
D:13:     layout_loops_ring, david_vaults_5, grunt_ministairs_13, drop_trap
D:14:     layout_roguey, minmay_fountain_box, kb_rosetta, uniq_kirke
Lair:1:   layout_cave_pods, serial_bayou_shore_b
Lair:2:   dragon1_lemuel, layout_layer_cave, swamp_mist, spider_nest_entry_webs
Lair:3:   layout_gridlike, ebering_ghost_rock_garden
Lair:4:   layout_regular_city, dpeg_slime_entry_enclosed,
          eino_small_chamber_without_monster
Lair:5:   gammafunk_lair_ancient_temple, layout_big_grid
Orc:1:    layout_caves, basic_altar
Orc:2:    st_orc_town, layout_diamond_mine, serial_shops,
          nicolae_shop_rolled_up, mines4_lemuel

Skill      XL: |  1  2  3  4  5  6  7  8  9 10 11 12 13 14 15 |
---------------+----------------------------------------------+-----
Earth Magic    | 4 5 6 7 8 9 10 11 12 13 | 13.2
Fighting       | 1 2 3 4 5 6 7 8 9 10 | 10.2
Conjurations   | 1 2 3 4 6 7 8 9 10 11 12 13 | 13.0
Stealth        | 3 4 |  4.0
Spellcasting   | 3 4 5 6 7 8 |  8.9
Invocations    | 3 4 7 9 10 12 | 12.2
Dodging        | 2 3 4 5 |  5.6
Armour         | 2 4 5 |  5.8
Evocations     | 1 3 4 5 |  5.2
Transmutations | 2 3 |  3.3
Summonings     | 5 6 |  6.0

Action                     |  1- 3 |  4- 6 |  7- 9 | 10-12 | 13-15 || total
---------------------------+-------+-------+-------+-------+-------++-------
  Melee: Short sword       |     5 |       |       |       |       ||     5
         Whip              |     2 |    11 |       |       |       ||    13
         Dagger            |       |       |     5 |       |       ||     5
         Staff             |       |       |       |    15 |     3 ||    18
   Cast: Sandblast         |    42 |    74 |   111 |   234 |   144 ||   605
         Stone Arrow       |       |     5 |    54 |   232 |   363 ||   654
 Invoke: Major Destruction |       |       |       |       |     1 ||     1
  Evoke: Wand              |       |       |     2 |       |    14 ||    16
    Use: Scroll            |       |     4 |     2 |     4 |    19 ||    29
         Potion            |       |       |     1 |       |     2 ||     3
 Armour: Robe              |     4 |    17 |    32 |       |       ||    53
         Steam dragon scal |       |       |     6 |     2 |       ||     8
         Acid dragon scale |       |       |       |   113 |    24 ||   137
         Scale mail        |       |       |       |       |   184 ||   184
  Dodge: Dodged            |     7 |    23 |    61 |   175 |   229 ||   495
